 Dungeon Crawl Stone Soup version 0.29-a0-275-g389c0b56f3 (webtiles) character file.

Game seed: 13664283811858451098

798 Murumi the Fighter (level 7, -7/80 HPs)
             Began as an Ogre Gladiator on Mar 11, 2022.
             Was an Elder of Ignis.
             Mangled by an ogre
             ... wielding a +0 giant club
              (18 damage)
             ... on level 4 of the Dungeon.
             The game lasted 00:11:42 (4278 turns).

Murumi the Fighter (Ogre Gladiator)                 Turns: 4278, Time: 00:11:42

Health: -7/80      AC: 14    Str: 19    XL:     7   Next: 89%
Magic:  7/7        EV: 10    Int: 11    God:    Ignis [****..]
Gold:   42         SH:  0    Dex: 10    Spells: 6/6 levels left

rFire   + + .      SeeInvis .   a - +1 flail
rCold   . . .      Faith    .   (no shield)
rNeg    . . .      Spirit   .   b - +0 robe
rPois   .          Reflect  .   c - +2 hat
rElec   .          Harm     .   p - +1 cloak {Will+}
rCorr   .          Rampage  .   (gloves unavailable)
Will    +....                   (boots unavailable)
Stlth   +.........              (no amulet)
HPRegen 0.23/turn               i - ring of protection from fire
MPRegen 0.10/turn               (no ring)

@: fiery-armoured
A: large, unfitting armour, tough skin 1
a: Renounce Religion, Fiery Armour, Foxfire Swarm, Rising Flame


You were on level 4 of the Dungeon.
You worshipped Ignis.
Ignis was greatly pleased with you.
You visited 1 branch of the dungeon, and saw 4 of its levels.

You collected 229 gold pieces.
You spent 187 gold pieces at shops.

Inventory:

Hand Weapons
 a - a +1 flail (weapon)
Missiles
 d - 2 throwing nets
 f - 82 stones (quivered)
 j - 8 poisoned darts
 r - a large rock
Armour
 b - a +0 robe (worn)
 c - a +2 hat (worn)
 p - a +1 cloak of willpower (worn)
Jewellery
 i - a ring of protection from fire (left hand)
Wands
 o - a wand of polymorph (7)
 q - a wand of flame (27)
Scrolls
 h - a scroll of fear
 m - 2 scrolls of teleportation
 u - a scroll of fog
Potions
 e - a potion of brilliance
 g - a potion of might
 k - a potion of magic {unknown}
 l - 3 potions of heal wounds
 n - a potion of berserk rage {unknown}
 s - a potion of invisibility {unknown}
 t - a potion of haste {unknown}
 v - a potion of cancellation {unknown}
 w - a potion of mutation {unknown}
 x - a potion of curing


   Skills:
 - Level 8.0 Fighting
 - Level 4.0 Maces & Flails
 - Level 4.0 Throwing
 - Level 1.0 Armour
 + Level 3.8 Dodging
 - Level 1.0 Stealth
 - Level 1.0 Evocations


You had 6 spell levels left.
You didn't know any spells.
Your spell library contained the following spells:

 Spells                   Type           Power      Damage    Failure   Level
 Animate Skeleton         Necr           0%         N/A       34%         1
 Pain                     Necr           0%         1d4       34%         1
 Portal Projectile        Hex/Tloc       0%         N/A       71%         3
 Vampiric Draining        Necr           0%         2d6       71%         3
 Summon Lightning Spire   Summ/Air       0%         N/A       98%         4
 Blade Hands              Tmut           0%         N/A       100%        5
 Excruciating Wounds      Necr           0%         N/A       100%        5
 Storm Form               Tmut/Air       0%         N/A       100%        7
 Maxwell's Capacitive Co  Air            0%         ∞         100%        8


Dungeon Overview and Level Annotations

Branches:
Dungeon (4/15)
 Temple: D:4-7

Altars:
Ashenzari
Ignis

Shops:
D:1 [


Innate Abilities, Weirdness & Mutations

You are too large for most types of armour.
You have tough skin. (AC +1)


Message History

You feel sick.
You feel sick.
You feel sick.
You feel sick.
You feel sick.
You feel sick.
You feel sick.
You are no longer poisoned.
Your fiery armour burns out.
Things that are here:
a hobgoblin skeleton; a water moccasin skeleton
y - a scroll labelled INWIROENGER
As you read the scroll labelled INWIROENGER, it crumbles to dust.
It is a scroll of amnesia.
You feel forgetful for a moment.
Things that are here:
a hobgoblin skeleton; a water moccasin skeleton A hobgoblin and an ogre come into view.
The hobgoblin shouts!
The ogre shouts!
The ogre hits you with a +0 giant club!!
You hit the ogre.
The ogre is moderately wounded.
You closely miss the ogre.
The ogre is moderately wounded.
The ogre hits you with a +0 giant club!!
Okay, then.
A protective cloak of flame settles atop you.
The ogre hits you with a +0 giant club.
* * * LOW HITPOINT WARNING * * *
The ogre is burned by your cloak of flames.
The ogre is moderately wounded.
You barely miss the ogre. You punch the ogre.
The ogre is moderately wounded.
The ogre hits you with a +0 giant club!
* * * LOW HITPOINT WARNING * * *
The ogre is burned by your cloak of flames.
The ogre is heavily wounded.
You barely miss the ogre.
The ogre is heavily wounded.
The ogre hits you with a +0 giant club!!
You die...

####################
...'..............)#
...#...#############
...#...# #...# #g#
######## #..#..#O##
..##...# #..###.@#.#
.......##..##.##..##
.......#..##...##..#
.........##....÷...#
####...#..##...##..#
..##...##..##.##..##
..##...#.#..###..#.#
..#######.#..#..#.##
..+....#.#†#...#.#.#


You could see an ogre and a hobgoblin.

Vanquished Creatures
  Grinder (D:3)
  A water moccasin (D:4)
  A black bear (D:2)
  A scorpion (D:4)
  A hound (D:4)
  5 orc priests (D:3)
  Jessica (D:3)
  4 adders
  An ufetubus (D:4)
  3 dart slugs
  13 orcs
  6 ball pythons
  7 endoplasms
  3 giant cockroaches
  11 goblins
  7 hobgoblins
  9 kobolds
  2 quokkas
  2 bats
  3 frilled lizards
  6 rats
88 creatures vanquished.

Notes
Turn   | Place    | Note
-------+----------+-------------------------------------------
     0 | D:1      | Murumi the Ogre Gladiator began the quest for the Orb.
     0 | D:1      | Reached XP level 1. HP: 22/22 MP: 1/1
   120 | D:1      | Found Rerako's Antique Armour Shoppe.
   131 | D:1      | Reached skill level 3 in Fighting
   190 | D:1      | Reached XP level 2. HP: 31/31 MP: 2/2
   254 | D:1      | Found a faded altar of an unknown god.
   273 | D:1      | Prayed at the altar of an unknown god.
   273 | D:1      | Became a worshipper of Ignis, the Dying Flame
   697 | D:1      | Reached XP level 3. HP: 31/39 MP: 3/3
   875 | D:2      | Noticed a black bear
   929 | D:2      | Reached skill level 4 in Fighting
  1502 | D:2      | Reached skill level 1 in Armour
  1735 | D:2      | Killed a black bear
  1736 | D:2      | Reached skill level 1 in Stealth
  1736 | D:2      | Reached skill level 5 in Fighting
  1736 | D:2      | Reached XP level 4. HP: 47/50 MP: 4/4
  1736 | D:2      | Reached XP level 5. HP: 53/57 MP: 5/5
  1939 | D:3      | Found a broken altar of Ashenzari.
  2125 | D:3      | Reached skill level 6 in Fighting
  2169 | D:3      | Reached XP level 6. HP: 43/67 MP: 6/6
  2622 | D:1      | Bought a glowing cloak for 187 gold pieces
  2674 | D:3      | Noticed Jessica
  2678 | D:3      | Killed Jessica
  2800 | D:3      | Noticed Grinder
  2818 | D:3      | Killed Grinder
  2819 | D:3      | Reached skill level 7 in Fighting
  2819 | D:3      | Reached skill level 1 in Evocations
  2819 | D:3      | Reached XP level 7. HP: 78/79 MP: 7/7
  3183 | D:3      | Reached skill level 8 in Fighting
  4278 | D:4      | Mangled by an ogre

Illustrated notes

Levels and vault maps discovered:
D:1:      lightli_arrival_noodles, layout_rooms, serial_shops, shop,
          ebering_ecumenical_altar_sacrificial, minmay_hexomino_f4
D:2:      layout_loops_ring
D:3:      layout_loops_ring, nicolae_ashenzari_skybound,
          minmay_misc_feat_square, chequers_jeans, uniq_jessica, uniq_grinder
D:4:      minmay_diamond_boxcup, layout_gridville, serial_glass,
          glass_columns_a, glass_columns_a

Skill      XL: |  1  2  3  4  5  6  7 |
---------------+----------------------+-----
Fighting       | 3 5 6 7 8 |  8.0
Maces & Flails | 3 4 |  4.0
Dodging        | 3 |  3.8
Armour         | 1 |  1.0
Stealth        | 1 |  1.0
Throwing       | 3 4 |  4.0
Evocations     | 1 |  1.0

Action                   |  1- 3 |  4- 6 |  7- 9 || total
-------------------------+-------+-------+-------++-------
Melee: Flail             |    73 |    79 |    63 ||   215
       Punch             |       |     1 |     1 ||     2
Throw: Stone             |    35 |    17 |    43 ||    95
       Dart              |       |    17 |       ||    17
       Large rock        |       |     2 |       ||     2
       Throwing net      |       |     1 |       ||     1
Invok: Fiery Armour      |     1 |       |     3 ||     4
  Use: Scroll            |     7 |     2 |     3 ||    12
 Stab: Sleeping          |     1 |       |     4 ||     5
       Held in net/web   |       |     1 |       ||     1
Armor: Robe              |    18 |    17 |    28 ||    63
Dodge: Dodged            |    25 |    21 |    28 ||    74

Table legend: (Time is in decaauts)
 A = Elapsed time spent in this place.
 B = Non-inter-level travel time spent in this place.
 C = Inter-level travel time spent in this place.
 D = Time resting spent in this place.
 E = Time spent auto-exploring this place.
 F = Levels seen in this place.
 G = Mean time per level.
                   A        B        C        D        E       F      G
               +--------+--------+--------+--------+--------+-----+--------+
         Total |   4329 |   3936 |    393 |      0 |   3300 |   4 | 1082.2 |
       Dungeon |   4329 |   3936 |    393 |      0 |   3300 |   4 | 1082.2 |
               +--------+--------+--------+--------+--------+-----+--------+

Top non-repeatable levels by time:
     D:3: 1508 daAuts
     D:2: 1020 daAuts
     D:4: 917 daAuts
     D:1: 882 daAuts
